 Dungeon Crawl Stone Soup version 0.17-a0-870-gcb215c1 (webtiles) character file.

543 namelastname112 the Twirler (level 7, 60/60 HPs)
             Began as a Purple Draconian Gladiator on Apr 29, 2015.
             Quit the game on level 4 of the Dungeon.
             The game lasted 00:04:51 (3081 turns).

namelastname112 the Twirler (DrGl)                  Turns: 3081, Time: 00:04:51

Health: 60/60      AC:  7    Str: 17    XL:     7   Next: 6%
Magic:  7/7        EV: 14    Int:  8    God:
Gold:   195        SH:  0    Dex: 14    Spells: 0 memorised, 6 levels left

rFire  + . .     SeeInvis .     a - +0 quarterstaff
rCold  . . .     Clarity  .     (armour unavailable)
rNeg   . . .     SustAb   .     (no shield)
rPois  .         Gourm    .     b - +0 hat
rElec  .         Spirit   .     v - +0 cloak
rCorr  .         Warding  .     (no gloves)
rMut   .         Stasis   .     (no boots)
MR     +....                    (no amulet)
Stlth  +.........               (no ring)
                                o - ring of protection from fire

@: somewhat resistant to hostile enchantments, very unstealthy
A: breathe power, unfitting armour, cold-blooded, AC +6
a: Breathe Dispelling Energy


You were on level 4 of the Dungeon.
You were not hungry.

You visited 1 branch of the dungeon, and saw 4 of its levels.

You collected 195 gold pieces.

Inventory:

Hand weapons
 a - a +0 quarterstaff (weapon)
Missiles
 c - 4 throwing nets (quivered)
 r - 41 bolts
Armour
 b - a +0 hat (worn)
 v - a +0 cloak (worn)
Jewellery
 o - a ring of protection from fire (left hand)
Magical devices
 u - a wand of polymorph (9)
Scrolls
 e - 4 scrolls of identify {unknown}
 f - 2 scrolls of enchant weapon {unknown}
 g - 5 scrolls of teleportation {unknown}
 j - a scroll of remove curse {unknown}
 n - a scroll of fear {unknown}
 p - 3 scrolls of noise {unknown}
 t - a scroll of enchant armour {unknown}
 x - a scroll of immolation {unknown}
Potions
 h - 2 potions of agility {unknown}
 i - 5 potions of curing {unknown}
 k - a potion of degeneration {unknown}
 l - a potion of cancellation {unknown}
 m - 2 potions of brilliance {unknown}
 q - 2 potions of lignification {unknown}
 w - a potion of poison {unknown}
 z - a potion of mutation {unknown}
 A - a potion of might {unknown}
 B - a potion of flight {unknown}
Books
 s - a book of Geomancy

   Spells                             Type                      Level
   a - Sandblast                      Earth                        1
   b - Stoneskin                      Transmutation/Earth          2
   c - Passwall                       Transmutation/Earth          3
   d - Stone Arrow                    Conjuration/Earth            3
   e - Petrify                        Transmutation/Earth          4
   f - Lee's Rapid Deconstruction     Earth                        5
Comestibles
 d - 3 bread rations


   Skills:
 + Level 4.7 Fighting
 * Level 6.1 Staves
 - Level 1.7 Throwing
 + Level 4.1 Dodging


You had 6 spell levels left.
You didn't know any spells.

Dungeon Overview and Level Annotations

Branches:
Dungeon (4/15)
 Temple: D:4-7

Altars:
Dithmenos
Elyvilon
Trog


Innate Abilities, Weirdness & Mutations

You can breathe bolts of dispelling energy.
Your rich purple scales are hard (AC +6).
Your body does not fit into most forms of armour.
You are cold-blooded and may be slowed by cold attacks.


Message History

Mmm...
Super Supreme.
You start resting.
HP restored.
You spend a moment contemplating the meaning of life.
Key pressed, stopping explore.
z - a silvery potion An orc comes into view.
It is wielding a flail.
The orc shouts!
You hit the orc. You tail-slap the orc.
The orc is severely wounded.
The orc hits you but does no damage.
You sock the orc!
You kill the orc!
No target in view!
No target in view!
Things that are here:
a flail; an orc corpse
A - an orange potion
B - a fuming pink potion Are you sure you want to abandon this character and quit the game? (Confirm with "yes".)

#.# #. . #.# #. # #. #
#.# #. .. #. .# #.# #.
.. #. .# #.# #. .%
##.###.# #.# #. b.
#......# #.# #. ..##
######......#
#.#######.
...###..........@..#
#.........
.......######.....##
#####..### bo<..<.#
#..)..# #..#
ooo.>.....# ###.###
#..# ...$...##.
#.####### #..# ##.##.##
#####....##.######..#
#.# .#
#.#...................#
#.# #
#..........##.#########
#.# ###.###.#######


There were no monsters in sight!

Vanquished Creatures
  Sigmund (D:3)
  A phantom (D:4)
  A scorpion (D:4)
  2 orc wizards (D:3)
  An iguana (D:4)
  Jessica (D:3)
  5 adders
  3 oozes (D:3)
  A worm (D:2)
  7 orcs
  4 giant cockroaches
  7 hobgoblins
  9 kobolds
  A quokka (D:3)
  9 bats
  6 giant geckos
  4 giant newts
  9 goblins
  6 jackals
  6 rats
84 creatures vanquished.

Notes
Turn   | Place    | Note
--------------------------------------------------------------
     0 | D:1      | namelastname112, the Draconian Gladiator, began the quest for the Orb.
     0 | D:1      | Reached XP level 1. HP: 17/17 MP: 1/1
   210 | D:1      | Reached XP level 2. HP: 20/25 MP: 2/2
  1067 | D:1      | Reached XP level 3. HP: 22/31 MP: 3/3
  1266 | D:2      | Reached skill level 4 in Staves
  1325 | D:2      | Found a bloodstained altar of Trog.
  1569 | D:2      | Reached XP level 4. HP: 35/38 MP: 4/4
  2348 | D:3      | Reached XP level 5. HP: 45/45 MP: 5/5
  2465 | D:3      | Noticed Sigmund
  2500 | D:3      | Killed Sigmund
  2500 | D:3      | Reached skill level 5 in Staves
  2500 | D:3      | Reached XP level 6. HP: 48/52 MP: 6/6
  2524 | D:3      | Noticed Jessica
  2532 | D:3      | Killed Jessica
  2657 | D:4      | Found a shadowy altar of Dithmenos.
  2724 | D:4      | Found a white marble altar of Elyvilon.
  2802 | D:4      | Reached skill level 6 in Staves
  2802 | D:4      | Your scales start taking on a rich purple colour.
  2802 | D:4      | Reached XP level 7. HP: 20/60 MP: 7/7
  3081 | D:4      | Quit the game

Action                   |  1- 3 |  4- 6 |  7- 9 || total
-------------------------+-------+-------+-------++-------
Melee: Quarterstaff      |   150 |   158 |     6 ||   314
       Unarmed           |       |     9 |       ||     9
 Stab: Confused          |       |     3 |       ||     3
       Sleeping          |       |     2 |       ||     2
  Eat: Chunk             |     2 |     3 |     1 ||     6
       Pizza             |       |       |     1 ||     1
